 Dungeon Crawl Stone Soup version 0.28.0-1-gb440e238dd (webtiles) character file.

Game seed: 2782604738006855526

4 themarg the Caller (level 1, -1/13 HPs)
             Began as a Merfolk Summoner on Feb 19, 2022.
             Slain by a ball python (2 damage)
             ... on level 1 of the Dungeon.
             The game lasted 00:01:54 (436 turns).

themarg the Caller (Merfolk Summoner)                Turns: 436, Time: 00:01:56

Health: -1/13      AC:  2    Str:  8    XL:     1   Next: 70%
Magic:  0/3        EV: 12    Int: 14    God:
Gold:   15         SH:  0    Dex: 14    Spells: 3/4 levels left

rFire   . . .      SeeInvis .   (no weapon)
rCold   . . .      Faith    .   (no shield)
rNeg    . . .      Spirit   .   a - +0 robe
rPois   .          Reflect  .   (no helmet)
rElec   .          Harm     .   (no cloak)
rCorr   .          Rampage  .   (no gloves)
Will    .....                   (no boots)
Stlth   ++........              (no amulet)
HPRegen 0.04/turn               (no ring)
MPRegen 0.08/turn               (no ring)

@: no status effects
A: (nimble swimmer 2), mertail
a: no special abilities


You were on level 1 of the Dungeon.
You visited 1 branch of the dungeon, and saw 1 of its levels.

You collected 15 gold pieces.

Inventory:

Armour
 a - a +0 robe (worn)
Potions
 b - a potion of berserk rage {unknown}


   Skills:
 + Level 2.6 Dodging
 + Level 2.2 Stealth
 + Level 2.1 Spellcasting
 + Level 4.1 Summonings


You had 3 spell levels left.
You knew the following spells:

 Your Spells              Type           Power      Damage    Failure   Level
a - Summon Small Mammal   Summ           52%        N/A       4%          1

Your spell library contained the following spells:

 Spells                   Type           Power      Damage    Failure   Level
 Call Imp                 Summ           13%        N/A       6%          2
 Call Canine Familiar     Summ           13%        N/A       13%         3
 Summon Guardian Golem    Hex/Summ       7%         N/A       30%         3
 Summon Lightning Spire   Summ/Air       7%         N/A       69%         4


Dungeon Overview and Level Annotations

Branches:
Dungeon (1/15)

Altars:


Innate Abilities, Weirdness & Mutations

((You are very nimble when in or above water. (Stealth+, EV+, Speed+++)))
Your lower body shifts to a powerful aquatic tail in water.


Message History

Found a stone staircase leading down.
Your bat barely misses the hobgoblin.
A ball python comes into view.
The ball python hisses angrily.
The bat barely misses you.
Your bat hits the hobgoblin. The bat barely misses you.
Your bat hits the hobgoblin but does no damage.
The bat hits you.
* * * LOW HITPOINT WARNING * * *
Casting: Summon Small Mammal (safe; 4% risk of failure)
Confirm with . or Enter, or press ? or * to list all spells.
The bat barely misses you.
Your bat hits the hobgoblin but does no damage.
Your bat hits the hobgoblin.
The hobgoblin dies!
The bat hits you but does no damage.
Your quokka misses the bat. The bat hits you.
* * * LOW HITPOINT WARNING * * *
The bat barely misses you. x2; Your bat hits the bat.
The bat closely misses your bat.
Your quokka closely misses the ball python.
The bat hits you but does no damage.
Your bat hits the ball python. The bat hits you but does no damage.
The bat misses your quokka.
Your quokka misses the bat.
Your bat hits the bat but does no damage.
Your bat barely misses the ball python.
The bat barely misses you. The ball python bites you.
* * * LOW HITPOINT WARNING * * *
The ball python grabs you. The ball python constricts you.
You escape the ball python's grasp.
Your bat misses the bat. The bat barely misses your bat.
Your bat closely misses the bat.
Your quokka misses the bat. The bat closely misses your bat.
The bat misses your bat.
Your bat barely misses the bat.
The bat misses your bat.
Your bat hits the ball python. The bat misses your bat.
Your bat barely misses the ball python.
Casting: Summon Small Mammal (safe; 4% risk of failure)
Confirm with . or Enter, or press ? or * to list all spells.
Your bat disappears in a puff of smoke!
The ball python bites you.
You die...

#######..........#.# #
######.....#.#.. #.##
##.............. ... #
#....###.......#.# #.# .# #..
.###.......#.# ###.####.# #..
..#.#.##..#.# #........#
#...##.#.#.###.#.# #.........
.......#.....bb§.###.......##
............@S.r.............
......................†......
....###########.####.......##
... #.# #.......# #.##
#.......# #..# #.......#
##.###......$# #..######.###
##.# #.#


You could see a bat (ally target), a ball python (ally target), a friendly
quokka (summoned) and a friendly bat (summoned).

Vanquished Creatures
  A frilled lizard (D:1)
1 creature vanquished.

Vanquished Creatures (collateral kills)
  2 hobgoblins (D:1)
  A ball python (D:1)
  A rat (D:1)
4 creatures vanquished.

Grand Total: 5 creatures vanquished

Notes
Turn   | Place    | Note
-------+----------+-------------------------------------------
     0 | D:1      | themarg the Merfolk Summoner began the quest for the Orb.
     0 | D:1      | Reached XP level 1. HP: 13/13 MP: 3/3
   436 | D:1      | Slain by a ball python

Illustrated notes

Levels and vault maps discovered:
D:1:      lightli_arrival_windingriver, layout_basic,
          nicolae_concentric_dashed_squares_mild, chequers_mini_garden

Action                   || total
-------------------------++-------
Melee: Unarmed           ||    22
 Cast: Summon Small Mamm ||    16
Armor: Robe              ||    11
Dodge: Dodged            ||    28
